 Dungeon Crawl Stone Soup version 0.20.1-1-g8b1a95d (webtiles) character file.

259 Gremour the Cleaver (level 6, -23/51 HPs)
             Began as a Hill Orc Fighter on Dec 9, 2017.
             Killed from afar by a leopard gecko (39 damage)
             ... with an exploding inner flame
             ... hexed by the player character
             ... on level 4 of the Dungeon.
             The game lasted 00:12:44 (2770 turns).

Gremour the Cleaver (Hill Orc Fighter)              Turns: 2770, Time: 00:12:45

Health: -23/51     AC:  8    Str: 19    XL:     6   Next: 17%
Magic:  6/6        EV:  7    Int:  8    God:
Gold:   162        SH:  9    Dex: 12    Spells: 5/5 levels left

rFire    . . .     SeeInvis .   a - +0 war axe
rCold    . . .     Gourm    .   c - +0 shield
rNeg     . . .     Faith    .   b - +0 scale mail
rPois    .         Spirit   .   (no helmet)
rElec    .         Reflect  .   v - +0 cloak
rCorr    .         Harm     .   (no gloves)
MR       .....                  (no boots)
Stlth    ..........             (no amulet)
Regen    0.2/turn               w - ring of wizardry
MPRegen  0.1/turn               (no ring)

@: lethally poisoned (-23 -> -30)
A: no striking features
a: no special abilities


You were on level 4 of the Dungeon.
You were not hungry.

You visited 1 branch of the dungeon, and saw 4 of its levels.

You collected 162 gold pieces.

Inventory:

Hand Weapons
 a - a +0 war axe (weapon)
Missiles
 e - 5 javelins (quivered)
Armour
 b - a +0 scale mail (worn)
 c - a +0 shield (worn)
 v - a +0 cloak (worn)
Jewellery
 w - a ring of wizardry (left hand)
Scrolls
 g - 2 scrolls of immolation
 h - 2 scrolls of identify {unknown}
 j - a scroll of teleportation {unknown}
 k - 2 scrolls of fear {unknown}
 l - a scroll of enchant weapon {unknown}
 o - a scroll of amnesia {unknown}
 q - 2 scrolls of remove curse {unknown}
 r - a scroll of recharging {unknown}
 t - a scroll of fog {unknown}
Potions
 d - a potion of might
 m - a potion of cancellation {unknown}
 p - a potion of mutation {unknown}
 s - a potion of curing
 u - 2 potions of heal wounds {unknown}
 x - a potion of degeneration {unknown}
Comestibles
 f - 2 bread rations
 i - 3 royal jellies
 n - a meat ration
 z - 8 chunks of flesh


   Skills:
 - Level 3.6 Fighting
 + Level 8.3 Axes
 - Level 3.2 Armour
 - Level 3.2 Shields


You had 5 spell levels left.
You didn't know any spells.

Dungeon Overview and Level Annotations

Branches:
Dungeon (4/15)
 Temple: D:4-7

Altars:
Ashenzari
Vehumet

Annotations:
D:4 digijack's ghost, amateur DDEE


Message History

The worker ant bites you but does no damage.
The leopard gecko closely misses you.
An iguana comes into view.
The iguana hisses angrily.
You hit the worker ant.
The worker ant explodes!
The fiery explosion engulfs you!
The fiery explosion engulfs the adder.
You kill the adder!
The fiery explosion engulfs the ooze.
The ooze explodes!
The fiery explosion engulfs the worker ant.
The worker ant explodes!
The fiery explosion engulfs you!
The fiery explosion engulfs digijack's ghost.
Digijack's ghost is severely damaged.
The fiery explosion engulfs the leopard gecko.
The leopard gecko explodes!
The fiery explosion engulfs you!
Ouch! That really hurt!
You die...

..#.........
#####.#.........
#...........$...
#.......%.......
#...............
#...............
#.......<.......
#.....§§§§§.....
#...>.§§@§§.[...
#......§§§§.....
#......§W§§.....
#...............
#.."........Z...
#...............
#...............
..)..........l.


You could see an iguana, digijack's ghost and a hound skeleton.

Vanquished Creatures
  Crazy Yiuf (D:3)
  An orc priest (D:3)
  An orc wizard (D:3)
  Natasha (D:3)
  Robin (D:3)
  3 adders
  An ooze (D:1)
  A worm (D:2)
  3 dart slugs (D:1)
  4 leopard geckos
  9 orcs (D:3)
  8 bats
  2 giant cockroaches
  13 goblins
  9 hobgoblins
  8 jackals (D:1)
  2 quokkas (D:3)
  9 frilled lizards
  4 kobolds
  2 rats
83 creatures vanquished.

Notes
Turn   | Place    | Note
-------+----------+-------------------------------------------
     0 | D:1      | Gremour the Hill Orc Fighter began the quest for the Orb.
     0 | D:1      | Reached XP level 1. HP: 19/19 MP: 1/1
    61 | D:1      | Reached skill level 3 in Axes
   177 | D:1      | Reached XP level 2. HP: 26/26 MP: 2/2
   204 | D:1      | Reached skill level 4 in Axes
   499 | D:1      | Reached XP level 3. HP: 31/31 MP: 3/3
   753 | D:1      | Reached skill level 5 in Axes
  1378 | D:2      | Found a radiant altar of Vehumet.
  1454 | D:2      | Reached XP level 4. HP: 31/39 MP: 4/4
  1684 | D:2      | Found a shattered altar of Ashenzari.
  1851 | D:3      | Reached skill level 6 in Axes
  1942 | D:3      | Reached XP level 5. HP: 41/45 MP: 5/5
  1947 | D:3      | Reached skill level 7 in Axes
  1979 | D:3      | Noticed Robin
  2002 | D:3      | Killed Robin
  2350 | D:3      | Found a runed door.
  2354 | D:3      | Noticed Crazy Yiuf
  2361 | D:3      | HP: 1/45 [Crazy Yiuf/quarterstaff of chaos (12)]
  2365 | D:3      | Killed Crazy Yiuf
  2608 | D:3      | Noticed Natasha
  2617 | D:3      | Killed Natasha
  2617 | D:3      | Reached skill level 8 in Axes
  2617 | D:3      | Reached XP level 6. HP: 46/51 MP: 6/6
  2767 | D:4      | Noticed digijack's ghost (amateur DDEE)
  2770 | D:4      | Killed from afar by a leopard gecko

Skill      XL: |  1  2  3  4  5 |
---------------+----------------+-----
Axes           | 3 4 5 6 8 |  8.3
Fighting       | |  3.6
Armour         | |  3.2
Shields        | |  3.2

Action                   |  1- 3 |  4- 6 || total
-------------------------+-------+-------++-------
Melee: War axe           |   120 |   137 ||   257
Throw: Javelin           |     4 |       ||     4
  Use: Potion            |       |     2 ||     2
       Scroll            |       |     1 ||     1
  Eat: Chunk             |     2 |     4 ||     6
Armor: Scale mail        |    53 |    48 ||   101
Dodge: Dodged            |    38 |    55 ||    93
Block: Shield            |    63 |    58 ||   121
